 Dungeon Crawl Stone Soup version 0.19.0-16-g73b5abf (webtiles) character file.

205 cedor the Cutter (level 5, -3/37 HPs)
             Began as a Demonspawn Artificer on Nov 10, 2016.
             Was an Initiate of Makhleb.
             Slain by an unseen horror (7 damage)
             ... on level 5 of the Dungeon.
             The game lasted 00:15:03 (2872 turns).

cedor the Cutter (Demonspawn Artificer)             Turns: 2872, Time: 00:15:04

Health: -3/37      AC:  8    Str: 12    XL:     5   Next: 53%
Magic:  7/7        EV:  9    Int: 13    God:    Makhleb [......]
Gold:   105        SH:  0    Dex: 14    Spells: 0 memorised, 4 levels left

rFire  + . .     SeeInvis .     a - +0 rapier
rCold  + . .     Gourm    .     B - +0 scale mail of Lifelessness {rC+} (curse)
rNeg   . . .     Faith    .     (no shield)
rPois  +         Spirit   .     (no helmet)
rElec  .         Reflect  .     (no cloak)
rCorr  .         Harm     .     (no gloves)
MR     .....                    (no boots)
Stlth  ++........               (no amulet)
                                q - ring of poison resistance
                                (no ring)

@: no status effects
A: molten scales 1, fire resistance 1, nightstalker 1
a: Renounce Religion


You were on level 5 of the Dungeon.
You worshipped Makhleb.
Makhleb was noncommittal.
You were not hungry.

You visited 2 branches of the dungeon, and saw 5 of its levels.

You collected 105 gold pieces.


Innate Abilities, Weirdness & Mutations

You are partially covered in molten scales. (AC +2)
Your flesh is heat resistant. (rF+)
You are slightly more attuned to the shadows.


   Skills:
 - Level 1.0 Fighting
 * Level 3.8 Short Blades
 - Level 1.7 Dodging
 + Level 2.8 Stealth
 + Level 2.3 Invocations
 - Level 3.0 Evocations


You had 4 spell levels left.
You didn't know any spells.

Inventory:

Hand Weapons
 a - a +0 rapier (weapon)
 b - a +0 hunting sling
 n - a +0 hunting sling
 r - a +0 long sword
 w - a +0 long sword
 x - a +0 short sword
Missiles
 m - 43 sling bullets
Armour
 l - a +0 leather armour
 B - the cursed +0 scale mail of Lifelessness (worn) {rC+}

   It protects you from cold.
   It has a curse placed upon it.
Jewellery
 q - a ring of poison resistance (right hand)
Wands
 c - a wand of flame (6/48)
 d - a wand of enslavement (15/24)
 e - a wand of random effects (8/48)
 z - a wand of flame (28/48)
Scrolls
 g - 5 scrolls of teleportation {unknown}
 h - 2 scrolls of recharging {unknown}
 k - 3 scrolls of identify {unknown}
 t - a scroll of remove curse {unknown}
 v - a scroll of enchant weapon {unknown}
 y - a scroll of fog {unknown}
 A - a scroll of noise {unknown}
Potions
 i - a potion of degeneration {unknown}
 o - a potion of brilliance {unknown}
 p - a potion of invisibility {unknown}
 s - a potion of curing {unknown}
 u - a potion of agility {unknown}
Comestibles
 f - 2 bread rations

Dungeon Overview and Level Annotations

Branches:
Dungeon (5/15)             Temple (1/1) D:4

Altars:
Ashenzari
Cheibriados
Fedhas
Gozag
Hepliaklqana
Kikubaaqudgha
Makhleb
Nemelex Xobeh
Qazlal
Ru
Sif Muna
Trog
Uskayaw
Vehumet
Xom
Yredelemnul
Zin
The Shining One

.. ▒▒. ▒.▒...▒▒.
▒▒▒▒▒▒....▒.▒......
▒......▒▒(▒........
▒(..▒.....▒...▒... .
▒...▒..▒...........▒
▒..6{.....▒...▒▒...
▒...▒..▒.▒▒....▒.▒▒▒
▒...▒.......▒>......
▒▒▒.▒....▒▒▒...▒▒▒▒▒
▒.▒....▒▒▒(..▒
▒▒......▒<▒...▒
▒.......▒.▒...▒▒
▒.......▒.(....▒
▒..........(...▒


There were no monsters in sight!


Message History

Wear which item? (? for menu, Esc to quit)
You finish taking off your +0 leather armour.
You finish putting on the cursed +0 scale mail of Lifelessness {rC+}.
Oops, that feels deathly cold.
Found 22 bolts.
There is a strange disturbance nearby!
Deactivating autopickup; reactivate with Ctrl-A.
You closely miss something. Something hits you but does no damage.
You closely miss something. Something hits you.
You hit something but do no damage. Something hits you but does no damage.
Something hits you.
You hit something but do no damage. Something hits you. x2
* * * LOW HITPOINT WARNING * * *
Evoke which item? (* to show all) (? for menu, Esc to quit)
Zapping:
e - a wand of random effects (9/48)
Press: ? - help, Shift-Dir - straight line Nothing appears to happen.
This wand has 8 charges left.
Something hits you.
* * * LOW HITPOINT WARNING * * *
You hit something but do no damage. Something hits you.
* * * LOW HITPOINT WARNING * * *
You hit something. Something hits you.
* * * LOW HITPOINT WARNING * * *
You closely miss something. Something hits you.
* * * LOW HITPOINT WARNING * * *
Something hits you!
* * * LOW HITPOINT WARNING * * *
Something hits you but does no damage.
It was a potion of cure mutation.
It has a very clean taste.
Something hits you!
You die...

Action                   |  1- 3 |  4- 6 || total
-------------------------+-------+-------++-------
Melee: Short sword       |   144 |    23 ||   167
       Rapier            |       |    20 ||    20
 Fire: Hunting sling     |     7 |     4 ||    11
Evoke: Wand              |    11 |     5 ||    16
  Use: Potion            |       |     1 ||     1
 Stab: Sleeping          |     1 |       ||     1
  Eat: Chunk             |     3 |     2 ||     5
       Bread ration      |       |     1 ||     1
Armor: Leather armour    |    29 |    16 ||    45
       Scale mail        |       |     3 ||     3
Dodge: Dodged            |    94 |    31 ||   125

Vault maps used:
D:1:      dpeg_arrival_pits
D:2:      feat_on_display
D:4:      kennysheep_generic_room_9
D:5:      serial_shops, shop, first_bread
Temple:   regret_index_temple_mists

Notes
Turn   | Place    | Note
-------+----------+-------------------------------------------
     0 | D:1      | cedor the Demonspawn Artificer began the quest for the Orb.
     0 | D:1      | Reached XP level 1. HP: 15/15 MP: 3/3
    51 | D:1      | Reached skill level 1 in Short Blades
    51 | D:1      | Reached skill level 1 in Stealth
   348 | D:1      | Gained mutation: Your flesh is heat resistant. (rF+) [demonic ancestry]
   348 | D:1      | Reached XP level 2. HP: 18/21 MP: 4/4
   706 | D:1      | Reached skill level 2 in Short Blades
  1134 | D:1      | Reached XP level 3. HP: 26/26 MP: 5/5
  1708 | D:2      | Reached skill level 2 in Stealth
  1780 | D:2      | You fall through a shaft for 2 floors!
  1806 | D:4      | Found a staircase to the Ecumenical Temple.
  1807 | D:4      | Reached skill level 3 in Short Blades
  1807 | D:4      | Gained mutation: You are partially covered in molten scales. (AC +2) [demonic ancestry]
  1807 | D:4      | Reached XP level 4. HP: 10/32 MP: 6/6
  1821 | Temple   | Entered the Ecumenical Temple
  2114 | Temple   | Became a worshipper of Makhleb the Destroyer
  2262 | D:4      | Reached skill level 1 in Invocations
  2501 | D:5      | Entered Level 5 of the Dungeon
  2523 | D:5      | Noticed a centaur
  2529 | D:5      | Killed a centaur
  2529 | D:5      | Reached skill level 2 in Invocations
  2529 | D:5      | Gained mutation: You are slightly more attuned to the shadows. [demonic ancestry]
  2529 | D:5      | Reached XP level 5. HP: 5/37 MP: 7/7
  2831 | D:5      | Got a translucent scale mail
  2842 | D:5      | Identified the cursed +0 scale mail of Lifelessness {rC+} (You found it on level 5 of the Dungeon)
  2872 | D:5      | Slain by an unseen horror

Vanquished Creatures
  A centaur (D:5)
  A crimson imp (D:5)
  An iguana (D:4)
  An adder (D:4)
  An ooze (D:1)
  2 dart slugs
  2 leopard geckos
  4 giant cockroaches
  8 goblins
  2 hobgoblins (D:1)
  8 jackals
  4 bats (D:1)
  4 frilled lizards
  A giant cockroach zombie (D:5)
  3 kobolds (D:2)
  A leopard gecko skeleton (D:4)
  3 rats (D:2)
47 creatures vanquished.
